[Event "Early-Titled-Tuesday-Blitz-May-28-2024"]
[Site "Chess.com"]
[Date "2024.05.28"]
[Round "1"]
[White "Larina_Maria"]
[Black "Flawless_Fighter"]
[Result "0-1"]
[WhiteElo "2386"]
[BlackElo "2704"]
[TimeControl "180+1"]
[EndTime "8:07:09 PDT"]
[Termination "Flawless_Fighter won by checkmate"]

1. e4 c6 2. d4 d5 3. f3 g6 4. Nc3 Bg7 5. Be3 dxe4 6. fxe4 e5 7. Nf3 Nd7 8. Bc4 exd4 9. Bxd4 Ngf6 10. O-O O-O 11.
Ng5 Qe7 12. Qe2 Ne5 13. Bb3 Bg4 14. Qe3 h6 15. Nf3 Nfd7 16. Nxe5 Bxe5 17. Bxe5 Nxe5 18. Qxh6 Rad8 19. h3 Be6 20. Rad1 Bxb3 21. axb3 Rxd1 22. Rxd1 Rd8 23. Qc1 Qc5+ 24. Kh1 Rxd1+ 25. Qxd1 Kg7 26.
Kh2 Qf2 27. Qe2 Qf4+ 28. Kh1 Qc1+ 29. Qd1 Qxb2 30. Qd4 Qc1+ 31. Kh2 Qf4+ 32. Kh1 Qf1+ 33. Kh2 Qf6 34. Kh1 b6 35. Nd1 Qf1+ 36. Kh2 Qf4+ 37. Kh1 c5 38. Qd6 f6 39. Qd8 Qf1+ 40. Kh2 Qe2 41.
Nc3 Qf2 42. Nd5 Nf3+ 43. Kh1 Qg1# 0-1

[Event "Early-Titled-Tuesday-Blitz-May-28-2024"]
[Site "Chess.com"]
[Date "2024.05.28"]
[Round "1"]
[White "the_chess_child"]
[Black "SipahiPower"]
[Result "1-0"]
[WhiteElo "2911"]
[BlackElo "2509"]
[TimeControl "180+1"]
[EndTime "8:07:10 PDT"]
[Termination "the_chess_child won by resignation"]

1. e4 e6 2. d3 d5 3. Nd2 Nf6 4. Ngf3 Nc6 5. c3 a5 6. e5 Nd7 7. d4 f6 8. Bb5 fxe5 9. dxe5 Be7 10. Nd4 Ndxe5 11. f4 O-O 12. fxe5 Nxe5 13. N2f3 Ng4 14. Qe2 c6 15. Nxe6 Qd6 16. Nxf8 cxb5 17. Nxh7 Kxh7 18.
O-O Bd7 19. h3 Nf6 20. Ng5+ Kg8 21. Bf4 Qc5+ 22. Kh1 Re8 23. Qd3 Bf8 24. Rae1 Bc6 25. Rxe8 Bxe8 26. Be3 Qc4 27. Qxc4 bxc4 28. Bd4 Be7 29. Re1 Kf8 30. Ne6+ Kf7 31. Nxg7 Bd6 32. Bxf6 Bc6 33. Bd4 Bg3 34. Rf1+ 1-0

[Event "Early-Titled-Tuesday-Blitz-May-28-2024"]
[Site "Chess.com"]
[Date "2024.05.28"]
[Round "1"]
[White "GlavkonVVS"]
[Black "Javylavilla"]
[Result "0-1"]
[WhiteElo "2596"]
[BlackElo "2319"]
[TimeControl "180+1"]
[EndTime "8:07:10 PDT"]
[Termination "Javylavilla won by resignation"]

1. c4 Nf6 2. Nc3 e6 3. g3 d5 4. Bg2 Be7 5. Nf3 O-O 6. O-O c5 7. d3 Nc6 8. e4 d4 9. Ne2 e5 10. a3 Bg4 11. h3 Bd7 12. b4 cxb4 13. axb4 Bxb4 14. Ba3 Bxa3 15. Rxa3 Qe7 16. Qa1 a6 17. Rb1 Bc8 18. g4 Nd7 19. Ng3 g6 20. g5 Nc5 21. h4 f5 22. exf5 gxf5 23. Re1 f4 24. Nh5 Bf5 25. Nf6+ Kh8 26. Nxe5 Nxe5 27. Qxd4 Nf3+ 28.
Bxf3 Qxe1+ 29. Kg2 Ne6 30. Qb2 Ng7 31. Nh5 Rf7 32.
Rb3 Rb8 33. c5 Qe6 34. c6 b5 35. Ra3 Bg4 36. Nxg7 Bxf3+ 37. Kxf3 Qxc6+ 38. Kg4 Rxg7 39. Qe5 Re8 40. Qxf4 Qe6+ 41. Kg3 Rf7 42. Qd4+ Qe5+ 43. Qxe5+ Rxe5 44. Rxa6 Rd7 45. Ra8+ Kg7 46. Ra3 Red5 47.
Ra6 Rxd3+ 0-1

[Event "Early-Titled-Tuesday-Blitz-May-28-2024"]
[Site "Chess.com"]
[Date "2024.05.28"]
[Round "1"]
[White "TrahtarBelarus"]
[Black "NikFil2013"]
[Result "1-0"]
[WhiteElo "2809"]
[BlackElo "2456"]
[TimeControl "180+1"]
[EndTime "8:07:11 PDT"]
[Termination "TrahtarBelarus won by resignation"]

1. c4 e6 2. Nf3 d5 3. g3 Nf6 4.
Bg2 Be7 5. O-O O-O 6. b3 c5 7. Bb2 d4 8. b4 Nc6 9. b5 Nb8 10. e3 dxe3 11. dxe3 Nbd7 12. a4 a6 13. Nbd2 Qc7 14.
Qc2 Rd8 15. Bc3 a5 16. Nb3 Ra7 17. Rfd1 b6 18. Nbd2 Bb7 19. e4 e5 20. Nh4 g6 21.
Bh3 Raa8 22. Ng2 Rab8 23. Ne3 Kg7 24. Nd5 Bxd5 25. exd5 Bd6 26. Rf1 Re8 27. Rae1 Kg8 28. f3 Rbd8 29. Ne4 Nxe4 30. fxe4 Nf8 31. Rf2 Kg7 32. Ref1 Re7 33. Bd2 h6 34. Qc1 h5 35.
Bg5 Rdd7 36. Bf6+ Kg8 37. Qh6 1-0

[Event "Early-Titled-Tuesday-Blitz-May-28-2024"]
[Site "Chess.com"]
[Date "2024.05.28"]
[Round "1"]
[White "kingofthenil"]
[Black "Chesstrainer1"]
[Result "1-0"]
[WhiteElo "2939"]
[BlackElo "2514"]
[TimeControl "180+1"]
[EndTime "8:07:12 PDT"]
[Termination "kingofthenil won by resignation"]

1. Nf3 Nf6 2. e3 d5 3. c4 e6 4. a3 c5 5. d4 Nc6 6. dxc5 Bxc5 7. b4 Bd6 8. Ra2 O-O 9. Rd2 Qe7 10. Bb2 Ne4 11.
Rc2 Rd8 12. c5 Bc7 13. Be2 a6 14. O-O e5 15. Nbd2 Nf6 16. Qa1 Bf5 17. Rcc1 d4 18.
exd4 exd4 19. Rfe1 Qd7 20. Bc4 h6 21. Nb3 Bg4 22.
Nfxd4 Bf4 23. Nxc6 Qxc6 24. Rb1 Nd5 25. h3 Bf5 26.
Rbd1 Nb6 27. Rxd8+ Rxd8 28. Na5 Qg6 29. cxb6 Bxh3 30. Bf1 Bb8 31. Be5 Qd6 32. Bxd6 Bxd6 33. gxh3 1-0

[Event "Early-Titled-Tuesday-Blitz-May-28-2024"]
[Site "Chess.com"]
[Date "2024.05.28"]
[Round "1"]
[White "InitiatingASC"]
[Black "Cayse"]
[Result "0-1"]
[WhiteElo "2444"]
[BlackElo "2792"]
[TimeControl "180+1"]
[EndTime "8:07:12 PDT"]
[Termination "Cayse won on time"]

1. d4 d5 2. c4 Nf6 3. Nc3 g6 4.
cxd5 Nxd5 5. e4 Nxc3 6. bxc3 Bg7 7. Bc4 c5 8. Ne2 O-O 9. O-O Qc7 10. Bb3 Nc6 11. Be3 Rd8 12. Rc1 e6 13. f3 b6 14.
Qe1 Na5 15. Qg3 Qxg3 16. hxg3 Ba6 17. Rf2 Rac8 18. Rd1 h5 19. Bg5 Rd7 20. Ba4 b5 21.
Bb3 Nxb3 22. axb3 b4 23. c4 cxd4 24. Nc1 d3 25. Ra2 Bxc4 26. bxc4 Rxc4 27. Rad2 Bd4+ 28.
Kh2 f6 29. Bh6 Kh7 30. Bf4 g5 31. Bxg5 fxg5 32. Nxd3 Be3 33. Re2 Bb6 0-1

[Event "Early-Titled-Tuesday-Blitz-May-28-2024"]
[Site "Chess.com"]
[Date "2024.05.28"]
[Round "1"]
[White "AldokhinIvan"]
[Black "EggLoser"]
[Result "1-0"]
[WhiteElo "2609"]
[BlackElo "2284"]
[TimeControl "180+1"]
[EndTime "8:07:14 PDT"]
[Termination "AldokhinIvan won by resignation"]

1. e4 e5 2. Nf3 Nc6 3. Bb5 a6 4. Ba4 Nf6 5. O-O b5 6. Bb3 Bc5 7. Nxe5 Nxe5 8. d4 Bxd4 9. Qxd4 d6 10. f4 Ng6 11. e5 dxe5 12. Qxd8+ Kxd8 13. fxe5 Nxe5 14. Bg5 Nd7 15. Bxf7 Bb7 16. Nc3 Rf8 17. Be6 c5 18.
Rad1 Kc7 19. Bf4+ Kc6 20. Rd6+ Kc7 21. Rxd7+ Kb6 22. Rxg7 Rae8 23. Bh3 Nh5 24. Bc7+ Kc6 25. Rxf8 Rxf8 26. Rxh7 Nf6 27. Re7 b4 28. Be5 bxc3 29. Re6+ Kd5 30. Bxf6 Bc8 31. Rb6 Bxh3 32. gxh3 cxb2 33.
Bxb2 Ke4 34. Re6+ Kd5 35. Re5+ Kd6 36. Re3 Rb8 37. Rb3 Re8 38. h4 Re4 39. Rh3 Rc4 40.
Bc3 Ra4 41. h5 Rxa2 42. h6 Rxc2 43. h7 Rc1+ 44. Kf2 Rc2+ 45. Ke1 Rxc3 46. Rxc3 1-0

[Event "Early-Titled-Tuesday-Blitz-May-28-2024"]
[Site "Chess.com"]
[Date "2024.05.28"]
[Round "1"]
[White "Zhigalko_Sergei"]
[Black "nikitakhoroshev"]
[Result "1-0"]
[WhiteElo "2892"]
[BlackElo "2499"]
[TimeControl "180+1"]
[EndTime "8:07:15 PDT"]
[Termination "Zhigalko_Sergei won by checkmate"]

1. e4 e5 2. Nf3 Nc6 3. Bc4 Nf6 4. d3 Be7 5. O-O d6 6. c3 Na5 7. Bb5+ c6 8. Ba4 b5 9. Bc2 c5 10. Nbd2 O-O 11. Re1 Re8 12. Nf1 Bf8 13. Bg5 h6 14.
Bh4 Nc6 15. Bb3 Be6 16. Ne3 Be7 17. a4 b4 18. Bxf6 Bxf6 19. Bd5 Rc8 20. h3 Qd7 21. a5 Ne7 22. Bb3 d5 23. exd5 Bxd5 24. Nxd5 Nxd5 25.
Ba4 Qd6 26. Bxe8 Rxe8 27. c4 Nf4 28. Re3 Rd8 29. Qc2 Ng6 30. Nd2 Bg5 31. Ne4 Qd4 32. Nxg5 hxg5 33. g3 f6 34. Rd1 a6 35. Re4 Qd6 36.
Qe2 Ne7 37. h4 gxh4 38. Rxh4 Nf5 39. Re4 Nd4 40. Qh5 Qc6 41. Kf1 Qa8 42. f4 Nc6 43. Kf2 Rd4 44. Rh1 Qb7 45. Qe8# 1-0

[Event "Early-Titled-Tuesday-Blitz-May-28-2024"]
[Site "Chess.com"]
[Date "2024.05.28"]
[Round "1"]
[White "andrzej"]
[Black "scarabee43"]
[Result "1/2-1/2"]
[WhiteElo "2478"]
[BlackElo "2821"]
[TimeControl "180+1"]
[EndTime "8:07:16 PDT"]
[Termination "Game drawn by repetition"]

1. e4 c5 2. Nf3 e6 3. d4 cxd4 4. Nxd4 Bc5 5. Nb3 Bb6 6. Qg4 Qf6 7. Nc3 Qxf2+ 8. Kd1 Nf6 9. Qf3 O-O 10. Bd3 Nc6 11.
Rf1 Qxf3+ 12. gxf3 d5 13. Bg5 dxe4 14. fxe4 Ng4 15.
Ke2 h6 16. Bf4 e5 17. Bg3 Ne3 18. Rfc1 Bg4+ 19. Kd2 Rfd8 20. Re1 Ng2 21. Nd5 Nxe1 22. Rxe1 Be6 23. c4 Nd4 24. Nxd4 Bxd4 25. b4 a5 26. b5 Rac8 27. Ne7+ Kf8 28. Nxc8 Rxc8 29. Rc1 Ke7 30. a4 Kd6 31. Ke2 Kc5 32. Be1 Kb6 33. Bd2 h5 34. Be3 Rd8 35. c5+ Kc7 36. c6 Bg4+ 37. Kf2 b6 38.
Be2 Bxe3+ 39. Kxe3 Bxe2 40. Kxe2 Rd4 41. Rd1 Rxe4+ 42. Kf3 Rd4 43. Rxd4 exd4 44. Ke4 Kd6 45. Kxd4 g5 46. Ke4 Ke6 47. h3 f5+ 48. Kf3 Kd6 49. Kg3 h4+ 50. Kf3 Kc7 51. Ke3 g4 52. hxg4 fxg4 53.
Kf4 g3 54. Kf3 Kd6 55. Kg2 Ke6 56. Kh3 Ke7 57. Kg2 Kd6 58. Kh3 Kc7 59. Kg2 Kd6 60.
Kh3 Kc7 61. Kg2 Kd6 1/2-1/2

[Event "Early-Titled-Tuesday-Blitz-May-28-2024"]
[Site "Chess.com"]
[Date "2024.05.28"]
[Round "1"]
[White "Diego_FloresQ"]
[Black "JanMur7"]
[Result "1-0"]
[WhiteElo "2604"]
[BlackElo "2257"]
[TimeControl "180+1"]
[EndTime "8:07:16 PDT"]
[Termination "Diego_FloresQ won by resignation"]

1. d4 Nf6 2. Bf4 c6 3. Nd2 Qb6 4. Nb3 a5 5. a4 d5 6. e3 Bf5 7.
Nf3 Nbd7 8. h3 e6 9. Be2 Be7 10. O-O O-O 11. Nfd2 c5 12. dxc5 Nxc5 13. Nxc5 Qxc5 14.
c4 Rfd8 15. Qb3 Qb4 16. Qxb4 Bxb4 17. Nf3 dxc4 18. Bxc4 Rac8 19. b3 h6 20. Nd4 Be4 21.
Nb5 Rd2 22. f3 Bd3 23. Rfc1 Bxc4 24. bxc4 Rcd8 25. c5 Nd5 26. Nd6 Nxf4 27. exf4 Bxc5+ 28. Rxc5 R8xd6 29. Rxa5 Rb2 30. Kh2 Rdd2 31. Rg1 Ra2 32. h4 h5 33. Rxh5 Rxa4 34. Kg3 g6 35. Rb5 Rd7 36.
Rgb1 Ra7 37. Kg4 Kg7 38. h5 gxh5+ 39. Kxh5 Rd5+ 40. Rxd5 exd5 41. Rb5 d4 42. Rd5 Ra4 43. Kg5 Rb4 44. Kf5 b5 45. g3 Rb3 46. Kg4 d3 47. f5 Kf6 48. f4 b4 49. Rd6+ Ke7 50. Rd4 Rc3 51. Rxb4 d2 52. Rd4 Rc2 53. Kg5 Ra2 54.
g4 f6+ 55. Kg6 Rb2 56. g5 fxg5 57. fxg5 Rb6+ 58. f6+ Ke6 59. Rxd2 Rd6 1-0

[Event "Early-Titled-Tuesday-Blitz-May-28-2024"]
[Site "Chess.com"]
[Date "2024.05.28"]
[Round "1"]
[White "Blitz_Lover1"]
[Black "viditchess"]
[Result "1/2-1/2"]
[WhiteElo "2553"]
[BlackElo "3080"]
[TimeControl "180+1"]
[EndTime "8:07:17 PDT"]
[Termination "Game drawn by repetition"]

1. e4 c5 2. c3 Nf6 3. e5 Nd5 4. d4 cxd4 5. cxd4 Nc6 6. Nf3 d6 7. Bc4 Nb6 8. Bb5 e6 9. Nc3 Bd7 10. O-O Nb4 11. Bxd7+ Qxd7 12. a3 N4d5 13. Ne4 h6 14. b4 Rc8 15. Bb2 Nc4 16. Rb1 Be7 17.
exd6 Bxd6 18. Ne5 Bxe5 19. dxe5 O-O 20. Qg4 Kh7 21. Bd4 b6 22. Rbd1 Rfd8 23. f4 Qc6 24.
Qf3 Ne7 25. g4 Rd5 26. Bf2 Rcd8 27. Rxd5 Qxd5 28. g5 Nf5 29. gxh6 Nxh6 30. Bh4 Rd7 31. Bg5 Nf5 32. Bf6 Nd2 33. Ng5+ Kg8 34. Qh5 Qd4+ 35.
Kh1 Qd5+ 36. Kg1 Qd4+ 37. Kh1 Qd5+ 38. Kg1 1/2-1/2

[Event "Early-Titled-Tuesday-Blitz-May-28-2024"]
[Site "Chess.com"]
[Date "2024.05.28"]
[Round "1"]
[White "Connectedcloud"]
[Black "Glidzhian_Gor"]
[Result "1-0"]
[WhiteElo "2200"]
[BlackElo "2567"]
[TimeControl "180+1"]
[EndTime "8:07:17 PDT"]
[Termination "Connectedcloud won by checkmate"]

1. e4 c5 2. Nf3 d6 3. d4 cxd4 4.
Nxd4 Nf6 5. Nc3 Nc6 6. Bg5 Bd7 7.
f4 e6 8. Qd2 Be7 9. O-O-O a6 10.
Nf3 Qa5 11. Bxf6 gxf6 12. Kb1 O-O-O 13. f5 Ne5 14. Nd4 Kb8 15. Be2 Rc8 16. Nb3 Qb6 17.
Rhf1 Rc7 18. Qd4 Qxd4 19. Nxd4 b5 20. a3 Rg8 21. g3 Rgc8 22. Rf4 Rxc3 23. bxc3 Rxc3 24.
Kb2 Re3 25. Bd3 Nxd3+ 26. Rxd3 Rxd3 27. cxd3 e5 28. Rh4 exd4 29. Rxh7 Kc7 30. Rxf7 Kd8 31. h4 Be8 32. Rg7 Bf8 33. Ra7 Bd7 34. g4 Bh6 35. Rxa6 Bd2 36. Rxd6 Be3 37. Rxf6 Ke7 38. g5 Bf2 39.
Rh6 Be3 40. Rh7+ Kd6 41. f6 Be8 42. f7 Bxf7 43. Rxf7 Ke6 44. g6 Bd2 45. h5 Be3 46.
Rf5 Bd2 47. g7 Bc3+ 48. Kc2 Bb4 49. g8=Q+ Ke7 50. Qf7+ Kd6 51. Rd5+ Kc6 52. Qd7+ Kb6 53. Rxb5+ Ka6 54. Qb7# 1-0

[Event "Early-Titled-Tuesday-Blitz-May-28-2024"]
[Site "Chess.com"]
[Date "2024.05.28"]
[Round "1"]
[White "Manukyan_Artak"]
[Black "elcala"]
[Result "1-0"]
[WhiteElo "2560"]
[BlackElo "2010"]
[TimeControl "180+1"]
[EndTime "8:07:17 PDT"]
[Termination "Manukyan_Artak won on time"]

1. e4 d5 2. exd5 Qxd5 3. Nc3 Qd6 4. d4 Nf6 5. g3 Bf5 6. Bg2 Nc6 7. Nb5 Qd7 8. Bf4 Rc8 9. c3 a6 10. Na3 Nd5 11.
Qf3 Nxf4 12. Qxf4 e6 13. Nc4 Bd6 14. Nxd6+ cxd6 15. Nf3 O-O 16. O-O Ne7 17. Rfe1 Nd5 18. Qd2 Nf6 19. Nh4 Bg6 20. a4 d5 21. Nxg6 hxg6 22. Qf4 Qc7 23. Qxc7 Rxc7 24. a5 Rfc8 25. h4 Nd7 26. Bf3 Ra8 27. Kg2 b6 28. g4 bxa5 29. Rxa5 Rb7 30. b4 Nb6 31. Rea1 Nc4 32. Rxa6 Rxa6 33.
Rxa6 Rc7 34. b5 Nd2 35. Rc6 Rb7 36. Be2 Kf8 37. b6 Ke7 38. Ba6 Rd7 39. b7 Rd8 40. Rc8 1-0

[Event "Early-Titled-Tuesday-Blitz-May-28-2024"]
[Site "Chess.com"]
[Date "2024.05.28"]
[Round "1"]
[White "Dolphin_2010"]
[Black "Erdnya15"]
[Result "1/2-1/2"]
[WhiteElo "2741"]
[BlackElo "2449"]
[TimeControl "180+1"]
[EndTime "8:07:18 PDT"]
[Termination "Game drawn by repetition"]

1. d4 Nf6 2. Bg5 Ne4 3. Bf4 d5 4. Nd2 Bf5 5. e3 e6 6. Ngf3 Bd6 7. Bxd6 cxd6 8. Nxe4 Bxe4 9. Nd2 Bg6 10. c4 dxc4 11.
Bxc4 O-O 12. O-O d5 13. Be2 Nd7 14. Qb3 Nb6 15. Rac1 Rc8 16. Rc5 Qe7 17. Rfc1 Rxc5 18. Rxc5 h6 19. Qa3 Rc8 20. b4 a6 21. Qa5 Qd6 22.
Nb3 Kh7 23. Rxc8 Nxc8 24. Qc5 Qd8 25. a4 Nd6 26. a5 Qd7 27. h3 Qa4 28. Qxd6 Qxb3 29.
Qb6 Qb1+ 30. Kh2 Qe1 31. Bf3 Qxf2 32. Qxb7 Qxe3 33. Qxa6 Qf4+ 34. Kh1 Qc1+ 35. Kh2 Qf4+ 36. Kg1 Qe3+ 37. Kh1 Qc1+ 38. Kh2 Qf4+ 1/2-1/2

[Event "Early-Titled-Tuesday-Blitz-May-28-2024"]
[Site "Chess.com"]
[Date "2024.05.28"]
[Round "1"]
[White "AlexTruskavetsky"]
[Black "LuisFSiles"]
[Result "1-0"]
[WhiteElo "2676"]
[BlackElo "2376"]
[TimeControl "180+1"]
[EndTime "8:07:18 PDT"]
[Termination "AlexTruskavetsky won on time"]

1. d4 Nf6 2. c4 g6 3. Nc3 d5 4. cxd5 Nxd5 5. e4 Nxc3 6. bxc3 Bg7 7.
Bc4 c5 8. Ne2 O-O 9. O-O Nc6 10.
Be3 Na5 11. Bd3 b6 12. f3 e5 13. d5 Nb7 14. Qd2 Nd6 15. c4 f5 16. Bh6 Bd7 17. Bxg7 Kxg7 18. Nc3 Qh4 19. Rae1 f4 20. a4 g5 21. a5 g4 22. axb6 g3 23. h3 axb6 24. Rb1 Rfb8 25. Rb2 Nf7 26. Rfb1 Ng5 27. Qe2 Ra3 28. Nb5 Rxd3 29. Qxd3 Bxh3 30. gxh3 Nxh3+ 31. Kf1 Nf2 32. Rxf2 gxf2 33. Ke2 Ra8 34. Qb3 Qg3 35.
Rf1 h5 36. Nd6 Qg2 37. Nf5+ Kh8 38. Rxf2 Qg1 39. Qb2 1-0

[Event "Early-Titled-Tuesday-Blitz-May-28-2024"]
[Site "Chess.com"]
[Date "2024.05.28"]
[Round "1"]
[White "crazy_but_lazy"]
[Black "MaxLeto"]
[Result "1-0"]
[WhiteElo "2673"]
[BlackElo "2374"]
[TimeControl "180+1"]
[EndTime "8:07:18 PDT"]
[Termination "crazy_but_lazy won on time"]

1. d4 d5 2. Nf3 Nf6 3. Bf4 c5 4. e3 Nc6 5. Nbd2 Qb6 6. dxc5 Qxb2 7. Rb1 Qxa2 8. Bb5 Bd7 9. O-O e6 10. Nb3 Nb4 11. Nfd4 a6 12. Ra1 Qb2 13. Qe2 Rc8 14.
Bd3 Qc3 15. Be5 Nxd3 16. cxd3 Bb5 17. Nxb5 Qxe5 18. d4 Qb8 19. Nc3 Be7 20. Rfb1 O-O 21. Na5 Rc7 22. h3 Rfc8 23. Rb6 Nd7 24. Rb3 b5 25.
Nd1 Qa8 26. Nb2 Nxc5 27. dxc5 Bxc5 28. Nd3 Bb6 29. Rbb1 Qb8 30. Nb4 Rc3 31. Nac6 R3xc6 32.
Nxc6 Rxc6 33. Rxa6 Qb7 34. Qxb5 Rc1+ 35. Rxc1 1-0

[Event "Early-Titled-Tuesday-Blitz-May-28-2024"]
[Site "Chess.com"]
[Date "2024.05.28"]
[Round "1"]
[White "vishwa_vijeta"]
[Black "SoyuzTM4"]
[Result "1-0"]
[WhiteElo "2599"]
[BlackElo "2225"]
[TimeControl "180+1"]
[EndTime "8:07:18 PDT"]
[Termination "vishwa_vijeta won on time"]

1. e4 c5 2. Nc3 Nc6 3. Bb5 Nd4 4. Nf3 Nxb5 5. Nxb5 d6 6. O-O Nf6 7. Nc3 g6 8. Re1 Bg7 9. d4 cxd4 10. Nxd4 O-O 11. h3 a6 12. Qf3 Bd7 13. Be3 b5 14. a3 Rb8 15. Rad1 b4 16. axb4 Rxb4 17. b3 Qc7 18.
Nd5 Nxd5 19. exd5 Re8 20. c4 Qb7 21. Rd3 Bf6 22. Bh6 Bxd4 23. Rxd4 Rxb3 24. Qf4 Rb1 25.
Rdd1 Rxd1 26. Rxd1 Qb3 27. Re1 Qc3 28. Re3 Qa1+ 29.
Kh2 a5 30. c5 dxc5 31. d6 Qd4 32. Qg3 Qxd6 33. Bf4 Qc6 34. Be5 f6 35. Bb2 a4 36.
Qf4 Ra8 37. Rxe7 a3 38. Bxf6 1-0

[Event "Early-Titled-Tuesday-Blitz-May-28-2024"]
[Site "Chess.com"]
[Date "2024.05.28"]
[Round "1"]
[White "NikitaShnadrygin"]
[Black "dealshark"]
[Result "1-0"]
[WhiteElo "2814"]
[BlackElo "2461"]
[TimeControl "180+1"]
[EndTime "8:07:19 PDT"]
[Termination "NikitaShnadrygin won by resignation"]

1. e4 c5 2. Nf3 d6 3. d4 cxd4 4. Nxd4 Nf6 5. Nc3 a6 6. Bg5 e5 7.
Nb3 Be7 8. Bxf6 Bxf6 9. Nd5 Bg5 10. g3 Nc6 11. Bg2 O-O 12. O-O Be6 13. Qd3 f5 14. exf5 Bxf5 15. Be4 Bxe4 16. Qxe4 Kh8 17. Rad1 Rc8 18. c4 Ne7 19. Rd3 Nxd5 20. Rxd5 Qc7 21.
c5 Be7 22. Rfd1 dxc5 23. Rd7 Qb6 24. Qxb7 Qxb7 25. Rxb7 c4 26. Rxe7 cxb3 27. axb3 Rc2 28. Rf7 Rcc8 29. Rxf8+ Rxf8 30. Rd5 Re8 31. Rd6 Kg8 32.
Rxa6 Kf8 33. Kg2 Kf7 34. b4 Rb8 35. Ra7+ Kf6 36. Ra6+ Kf7 37. Ra4 Rb5 38. h4 Kf6 39. Kf1 Kf5 40. Ke2 Ke4 41. b3 Kd4 42. Ra7 Rxb4 43.
Ra4 Kc5 44. Rxb4 Kxb4 45. Ke3 Kxb3 46. Ke4 g5 47. hxg5 1-0

[Event "Early-Titled-Tuesday-Blitz-May-28-2024"]
[Site "Chess.com"]
[Date "2024.05.28"]
[Round "1"]
[White "verrbaa"]
[Black "Witik"]
[Result "0-1"]
[WhiteElo "2438"]
[BlackElo "2780"]
[TimeControl "180+1"]
[EndTime "8:07:20 PDT"]
[Termination "Witik won by checkmate"]

1. e4 c6 2. d4 d5 3. e5 c5 4. dxc5 e6 5. a3 Bxc5 6. b4 Be7 7. Qg4 g5 8. Bb2 h5 9. Qd1 Nc6 10. Bd3 f6 11. Bg6+ Kf8 12. exf6 Bxf6 13. Nc3 Ne5 14. Bd3 Bd7 15. Nge2 Rc8 16. O-O Kg7 17. Rb1 Nc4 18. Bxc4 Rxc4 19. Qd3 Qc7 20. Nd1 Bxb2 21. Rxb2 Nf6 22. Ne3 Rh4 23. g3 Rh3 24. c4 h4 25.
cxd5 hxg3 26. Nxg3 Rxh2 27. d6 Qb6 28. b5 Qc5 29. Rc2 Qe5 30. Re1 Qf4 31. Qc4 Qf3 32. Qe2 Rh1+ 33. Nxh1 Rxh1# 0-1

[Event "Early-Titled-Tuesday-Blitz-May-28-2024"]
[Site "Chess.com"]
[Date "2024.05.28"]
[Round "1"]
[White "penguingm1"]
[Black "Attacker_2006"]
[Result "1-0"]
[WhiteElo "2978"]
[BlackElo "2520"]
[TimeControl "180+1"]
[EndTime "8:07:21 PDT"]
[Termination "penguingm1 won by resignation"]

1. d4 Nf6 2. c4 e6 3. Nc3 Bb4 4.
Qc2 d6 5. Nf3 Nbd7 6. g3 O-O 7.
Bg2 c5 8. O-O Rb8 9. Rd1 Qe7 10.
dxc5 Nxc5 11. Nb5 Nce4 12. Nfd4 d5 13. Nxa7 Bc5 14. Nxc8 Rfxc8 15. Be3 e5 16. Nf5 Qe6 17. Bxc5 Rxc5 18. Ne3 d4 19. Nd5 Nd6 20. Nxf6+ Qxf6 21. b3 b5 22. Bd5 Rbc8 23. Qd3 bxc4 24. bxc4 Nxc4 25.
Rdc1 Nd6 26. Rxc5 Rxc5 27. Qb3 h5 28. a4 e4 29. Rd1 Qe5 30. Bb7 Rc3 31. Qb4 e3 32. f4 Qe7 33. Qxd4 Nxb7 34. Qxc3 h4 35. Qc8+ Kh7 36. Qh3 g5 37. fxg5 Nd6 38. Qxh4+ Kg8 39.
g6 Qe6 40. Rxd6 Qxg6 41. Rxg6+ fxg6 42. a5 1-0

[Event "Early-Titled-Tuesday-Blitz-May-28-2024"]
[Site "Chess.com"]
[Date "2024.05.28"]
[Round "1"]
[White "FrenchPlayer2203"]
[Black "ImportedItalianMaple"]
[Result "0-1"]
[WhiteElo "2024"]
[BlackElo "2560"]
[TimeControl "180+1"]
[EndTime "8:07:21 PDT"]
[Termination "ImportedItalianMaple won on time"]

1. d4 g6 2. e4 Bg7 3. c4 d6 4.
Nc3 Nc6 5. Nf3 e5 6. Be3 exd4 7. Nxd4 Nge7 8. Be2 O-O 9. O-O f5 10. Nxc6 bxc6 11.
exf5 Nxf5 12. Bf3 Nxe3 13. fxe3 Rb8 14. Rb1 Bf5 15. e4 Be6 16. Qd3 Qg5 17. b3 Be5 18.
Ne2 c5 19. g3 Rf7 20. Bg2 Rbf8 21. Rxf7 Rxf7 22. Rf1 Rxf1+ 23. Bxf1 h5 24. Bg2 h4 25. gxh4 Qxh4 26. Ng3 Kg7 27. Nf1 Qe1 28. Qf3 Bd4+ 29. Kh1 Qa1 30. Qe2 a5 31. h3 a4 32.
bxa4 Qb1 33. a5 Qb4 34. a6 Bxc4 35. a7 Bxe2 36. a8=Q Qb1 0-1

[Event "Early-Titled-Tuesday-Blitz-May-28-2024"]
[Site "Chess.com"]
[Date "2024.05.28"]
[Round "1"]
[White "Semetey"]
[Black "FairChess_on_YouTube"]
[Result "0-1"]
[WhiteElo "2545"]
[BlackElo "3079"]
[TimeControl "180+1"]
[EndTime "8:07:22 PDT"]
[Termination "FairChess_on_YouTube won on time"]

1. Nc3 d5 2. e4 dxe4 3. Nxe4 Nf6 4. Nxf6+ exf6 5. d4 Bd6 6. Bd3 O-O 7. Ne2 Re8 8.
h3 c5 9. dxc5 Qa5+ 10. c3 Qxc5 11. O-O Nc6 12. Qc2 g6 13. Be3 Qh5 14. Nf4 Qe5 15.
Rfe1 Qa5 16. Rad1 Bf8 17. b4 Qc7 18. Nd5 Qd8 19. Bb5 Bf5 20. Qa4 Be6 21. Nb6 axb6 22.
Rxd8 Rexd8 23. Qc2 Rxa2 24. Qe4 Bf5 25. Qh4 Re8 26.
Rc1 Re4 27. Qg3 Ne5 28. Bxb6 h5 29. Bd4 h4 30. Qh2 Bh6 31. Rf1 Bf4 32. Qh1 Rd2 33. Be3 Rxe3 34. fxe3 Bxe3+ 35. Kh2 Be4 0-1

[Event "Early-Titled-Tuesday-Blitz-May-28-2024"]
[Site "Chess.com"]
[Date "2024.05.28"]
[Round "1"]
[White "guillembaches"]
[Black "1stSecond"]
[Result "0-1"]
[WhiteElo "2509"]
[BlackElo "2909"]
[TimeControl "180+1"]
[EndTime "8:07:22 PDT"]
[Termination "1stSecond won on time"]

1. d4 Nf6 2. Nf3 e6 3. Bg5 c5 4.
e3 Nc6 5. Nbd2 d5 6. c3 Qb6 7.
Rb1 h6 8. Bh4 Be7 9. Bd3 O-O 10.
O-O Bd7 11. Ne5 Qc7 12. f4 Rae8 13. Qf3 Ne4 14. Be1 Nxe5 15. fxe5 f5 16. exf6 Rxf6 17.
Qh5 Rxf1+ 18. Bxf1 cxd4 19. exd4 Qf4 20. Nxe4 Qxe4 21. Rd1 Rf8 22. Qe2 Qf5 23. Bg3 h5 24. Qe5 h4 25. Qxf5 Rxf5 26. Be5 Bg5 27. Bd3 Be3+ 28.
Kh1 Rf2 29. Rf1 Rxb2 30. h3 Bb5 31. Bxb5 Rxb5 32. Kh2 Rb2 33. Rf3 Re2 34. Bd6 Re1 35. a3 Bg1+ 36. Kh1 Bxd4+ 37. Kh2 Bg1+ 38. Kh1 Bc5+ 39. Kh2 Bxd6+ 0-1

[Event "Early-Titled-Tuesday-Blitz-May-28-2024"]
[Site "Chess.com"]
[Date "2024.05.28"]
[Round "1"]
[White "ural58"]
[Black "suyu28"]
[Result "1-0"]
[WhiteElo "2447"]
[BlackElo "2758"]
[TimeControl "180+1"]
[EndTime "8:07:23 PDT"]
[Termination "ural58 won by resignation"]

1. e4 c6 2. Nc3 d5 3. Nf3 Bg4 4. h3 Bxf3 5. Qxf3 e6 6. b3 g6 7. Bd3 Bg7 8. Ba3 Ne7 9. O-O Nd7 10. Rfe1 Ne5 11. Qg3 Nxd3 12. cxd3 O-O 13. Bxe7 Qxe7 14. exd5 cxd5 15. Nxd5 Qd7 16. Nc3 Rfd8 17. Re3 Rac8 18. Rc1 Bh6 19. f4 Qd4 20. Rf1 Bg7 21. Kh2 Rd7 22.
h4 Rcd8 23. h5 Qb6 24. Ne4 Qa6 25. Nc5 Qxa2 26. Nxd7 Rxd7 27. hxg6 hxg6 28. f5 exf5 29. Re8+ Bf8 30. Rxf5 Qxd2 31. Rf3 Rd5 32. Qb8 Qb4 33. Rh3 Kg7 34. Rxf8 Qxf8 35. Rh7+ Kxh7 36. Qxf8 Rd7 37. d4 a6 38. d5 g5 39. d6 Kg6 40. Qe7 1-0

[Event "Early-Titled-Tuesday-Blitz-May-28-2024"]
[Site "Chess.com"]
[Date "2024.05.28"]
[Round "1"]
[White "NovakRatko"]
[Black "ozates"]
[Result "1-0"]
[WhiteElo "2372"]
[BlackElo "2642"]
[TimeControl "180+1"]
[EndTime "8:07:24 PDT"]
[Termination "NovakRatko won by resignation"]

1. d4 Nf6 2. c4 g6 3. Nc3 Bg7 4.
e4 O-O 5. f3 d6 6. Be3 c5 7. dxc5 dxc5 8. Qxd8 Rxd8 9. Bxc5 Nc6 10. Nd5 Nxd5 11. cxd5 Bxb2 12. Rb1 Bc3+ 13. Ke2 b6 14.
Ba3 Ba6+ 15. Kf2 Bd4+ 16. Kg3 Bxf1 17. Rxf1 Na5 18. Bxe7 Re8 19. d6 Nc6 20. f4 Nxe7 21.
dxe7 Rxe7 22. e5 f6 23. Nf3 fxe5 24. Nxd4 exd4 25. Rd1 Rd8 26. Rd3 Re2 27. a3 Re3+ 28.
Rxe3 dxe3 29. Kf3 Rd3 30. Ra1 Kf7 31. g4 Ke6 32. Ke4 Rb3 33. h4 b5 34. a4 b4 35.
a5 a6 36. Kf3 Kd5 37. Rd1+ Kc5 38. f5 gxf5 39. gxf5 Rb2 40. Kxe3 Rb3+ 41. Ke4 Rb2 42.
Ke3 Rg2 43. f6 Rg8 44. Ke4 Kb5 45. Rd5+ Ka4 46. Ke5 b3 47. Ke6 b2 48. Rd1 Kb3 49. f7 Rb8 50. Ke7 Rb7+ 51. Kf6 Rb8 52. Kg7 Rb7 53. Kg8 Rb8+ 54. f8=Q Rxf8+ 55. Kxf8 Kc2 56. Rg1 b1=Q 57. Rxb1 Kxb1 58. Kg7 Ka2 59. Kxh7 Ka3 60. Kg6 Ka4 61. h5 Kxa5 62. h6 Kb4 63. h7 a5 64.
h8=Q a4 65. Qa1 a3 66. Kf5 1-0